 Dungeon Crawl Stone Soup version 0.31-a0-1206-g41278d8d1d (webtiles) character file.

Game seed: 5256686517517937119

479 Maratek the Trooper (level 6, -3/57 HPs)
             Began as a Minotaur Fighter on Dec 13, 2023.
             Slain by an orc
             ... wielding a +0 trident
              (6 damage)
             ... on level 5 of the Dungeon.
             The game lasted 00:04:18 (3071 turns).

Maratek the Trooper (Minotaur Fighter)              Turns: 3071, Time: 00:04:19

Health: -3/57      AC: 11    Str: 22    XL:     6   Next: 86%
Magic:  5/5        EV: 10    Int:  7    God:
Gold:   199        SH:  6    Dex: 16    Spells: 5/5 levels left

rFire   + + .        q - +2 hand axe (vamp)
rCold   . . .        c - +0 buckler
rNeg    . . .        p - +4 ring mail of Evolution {-Cast rF++ Str+2 SInv}
rPois   .            n - +0 hat
rElec   .            (no cloak)
rCorr   .            o - +0 pair of gloves
SInv    +            (no boots)
Will    .....        (no amulet)
Stlth   +            h - +6 ring of dexterity
HPRegen 0.29/turn    (no ring)
MPRegen 0.09/turn

%: no spellcasting
@: mighty, attractive, hasted, very quick
A: horns 2, retaliatory headbutt
a: no special abilities


You were on level 5 of the Dungeon.
You visited 1 branch of the dungeon, and saw 5 of its levels.

You collected 199 gold pieces.

Inventory:

Hand Weapons
 a - a +0 war axe
 q - a +2 vampiric hand axe (weapon)
Armour
 c - a +0 buckler (worn)
 n - a +0 hat (worn)
 o - a +0 pair of gloves (worn)
 p - the +4 ring mail of Evolution (worn) {-Cast rF++ Str+2 SInv}
   (You found it on level 4 of the Dungeon)

   Str+2:     It affects your strength (+2).
   rF++:      It greatly protects you from fire.
   SInv:      It lets you see invisible.
   -Cast:     It prevents spellcasting.
Jewellery
 h - a +6 ring of dexterity (left hand)
Wands
 k - a wand of paralysis (15)
Scrolls
 b - a scroll of teleportation
 i - a scroll of amnesia
 t - a scroll of enchant armour {unknown}
Potions
 d - 2 potions of might
 e - a potion of resistance {unknown}
 f - a potion of heal wounds {unknown}
 g - 2 potions of attraction
 j - 2 potions of haste
 l - a potion of enlightenment {unknown}
 m - a potion of berserk rage {unknown}
 r - a potion of cancellation {unknown}
 s - a potion of lignification {unknown}


   Skills:
 + Level 5.6 Fighting
 + Level 4.9 Axes
 + Level 5.6 Armour
 + Level 5.5 Shields


You had 5 spell levels left.
You didn't know any spells.
Your spell library contained the following spells:

 Spells                   Type           Power      Damage    Failure   Level
 Sandblast                Erth           0%         2d4       65%         1
 Passwall                 Tmut/Erth      0%         N/A       78%         2
 Call Canine Familiar     Summ           0%         N/A       95%         3
 Sigil of Binding         Hex            0%         N/A       95%         3
 Stone Arrow              Conj/Erth      0%         3d7       95%         3
 Brom's Barrelling Bould  Conj/Erth      0%         2d3       100%        4
 Dimensional Bullseye     Hex/Tloc       0%         N/A       100%        4
 Leda's Liquefaction      Hex/Erth       0%         N/A       100%        4


Dungeon Overview and Level Annotations

Branches:
Dungeon (5/15)
 Temple: D:4-7

Altars:
Dithmenos
Elyvilon
Nemelex Xobeh
Ru


Innate Abilities, Weirdness & Mutations

You have a pair of horns on your head.
You reflexively headbutt those who attack you in melee.


Message History

* * * LOW HITPOINT WARNING * * *
You hit the hound but do no damage. Your headbutt misses the hound.
The hound is moderately wounded.
You feel sick.
You are no longer poisoned.
The hound closely misses you. The hound bites you but does no damage.
You block the gnoll's attack.
You hit the hound but do no damage.
The hound is moderately wounded.
The hound bites you but does no damage. The gnoll hits you but does no damage.
The hound bites you but does no damage.
You hit the hound.
You feel better.
The hound is severely wounded.
The hound bites you.
* * * LOW HITPOINT WARNING * * *
You block the gnoll's attack.
You closely miss the hound.
The hound is severely wounded.
The hound bites you but does no damage. The gnoll closely misses you.
The hound closely misses you.
You hit the hound.
You feel better.
You headbutt the hound.
You kill the hound!
The gnoll hits you from afar with a +0 halberd!
* * * LOW HITPOINT WARNING * * *
You feel very mighty all of a sudden.
The orc wizard hits you but does no damage.
The orc hits you but does no damage.
The gnoll hits you from afar with a +0 halberd.
* * * LOW HITPOINT WARNING * * *
There are monsters nearby!
It was a potion of attraction.
You feel attractive to monsters. You block the orc wizard's attack.
The orc hits you from afar with a +0 trident.
* * * LOW HITPOINT WARNING * * *
The gnoll barely misses you.
It was a potion of haste.
You feel yourself speed up. The orc wizard closely misses you.
The orc hits you from afar with a +0 trident.
You die...

###########
#.........#
#.........###
#............
#..........##
.##....o.......
......olg...# #..
o#o# ...
#@#########.#
#....#...##.#
####.##..##.#.
#.##..##.#.###
#.....##.# (.#
#.....####.##.###.#
#..... #.##.#..†##
#..... #....#.#...
#..... #####......


You could see an iguana, 2 orc wizards, a gnoll and an orc.

Vanquished Creatures
  Pargi (D:4)
  A howler monkey (D:4)
  3 hounds (D:5)
  A gnoll bouda (D:3)
  An orc priest (D:5)
  An iguana (D:4)
  Robin (D:2)
  3 gnolls (D:3)
  4 adders
  A worm (D:2)
  3 dart slugs (D:1)
  5 orcs
  5 ball pythons
  7 endoplasms
  2 giant cockroaches
  12 goblins
  12 hobgoblins
  6 jackals
  2 kobolds (D:1)
  4 quokkas
  6 bats
  4 frilled lizards
  7 rats
92 creatures vanquished.

Notes
Turn   | Place    | Note
-------+----------+-------------------------------------------
     0 | D:1      | Maratek the Minotaur Fighter began the quest for the Orb.
     0 | D:1      | Reached XP level 1. HP: 19/19 MP: 0/0
   102 | D:1      | Reached XP level 2. HP: 26/27 MP: 1/1
   324 | D:1      | Reached XP level 3. HP: 33/33 MP: 2/2
   773 | D:2      | Noticed Robin
   789 | D:2      | Killed Robin
   790 | D:2      | Reached XP level 4. HP: 23/41 MP: 3/3
  1005 | D:2      | Found a shadowy altar of Dithmenos.
  1374 | D:3      | Found a faded altar of an unknown god.
  1385 | D:3      | Reached XP level 5. HP: 36/47 MP: 4/4
  1936 | D:3      | Found a sparkling altar of Nemelex Xobeh.
  1980 | D:4      | Reached skill level 5 in Fighting
  1980 | D:4      | Reached skill level 5 in Armour
  1994 | D:4      | Identified the +4 ring mail of Evolution {-Cast rF++ Str+2
                  | SInv}
  2021 | D:4      | Reached skill level 5 in Shields
  2087 | D:4      | Found a white marble altar of Elyvilon.
  2218 | D:4      | Found a sacrificial altar of Ru.
  2264 | D:4      | Noticed Pargi
  2278 | D:4      | Killed Pargi
  2279 | D:4      | Reached XP level 6. HP: 37/56 MP: 5/5
  2655 | D:5      | Entered Level 5 of the Dungeon
  3071 | D:5      | Slain by an orc

Illustrated notes

Levels and vault maps discovered:
D:1:      roderic_chinese_lattice_arrival, layout_basic
D:2:      layout_basic, basic_altar, uniq_robin
D:3:      layout_basic, nemelex_diamond_rough_becter,
          nicolae_ecumenical_pavilion
D:4:      wad_lake_hut, layout_basic, mainiacjoe_overflow_alcove_2,
          nicolae_ru_awakened_eye, dk_vineyard_2, kennysheep_another_room,
          uniq_pargi
D:5:      layout_basic, minmay_temple_entry_waves, dreamdust_gnoll_farm

Skill      XL: |  1  2  3  4  5 |
---------------+----------------+-----
Fighting       | 4 5 |  5.6
Armour         | 4 5 |  5.6
Shields        | 4 5 |  5.5
Axes           | 3 4 |  4.9

Action                     |  1- 3 |  4- 6 || total
---------------------------+-------+-------++-------
  Melee: War axe           |    71 |    80 ||   151
         Headbutt          |    11 |    17 ||    28
         Hand axe          |       |    22 ||    22
    Use: Scroll            |     2 |     3 ||     5
         Potion            |       |     3 ||     3
 Armour: Scale mail        |    55 |    42 ||    97
         Ring mail         |       |    66 ||    66
  Dodge: Dodged            |    33 |    67 ||   100
  Block: Buckler           |    11 |    32 ||    43

Table legend: (Time is in decaauts)
 A = Elapsed time spent in this place.
 B = Non-inter-level travel time spent in this place.
 C = Inter-level travel time spent in this place.
 D = Time resting spent in this place.
 E = Time spent auto-exploring this place.
 F = Levels seen in this place.
 G = Mean time per level.
                   A        B        C        D        E       F      G
               +--------+--------+--------+--------+--------+-----+--------+
         Total |   3172 |   3124 |     48 |    299 |   2307 |   5 |  634.4 |
       Dungeon |   3172 |   3124 |     48 |    299 |   2307 |   5 |  634.4 |
               +--------+--------+--------+--------+--------+-----+--------+

Top non-repeatable levels by time:
     D:4: 1062 daAuts
     D:1: 716 daAuts
     D:2: 692 daAuts
     D:3: 591 daAuts
     D:5: 109 daAuts
